 Dungeon Sprint DCSS version 0.30-a0-1066-g63dfefce0d (webtiles) character file.

Game seed: 1129763262104123624

22900 ytrimaz the Severer (level 12, -22/100 HPs)
             Began as a Demonspawn Fighter on Apr 13, 2023.
             Was an Elder of Uskayaw.
             Killed from afar by a fire giant (42 damage)
             ... with a bolt of fire
             ... in the Dungeon (Sprint V: "Ziggurat Sprint").
             The game lasted 00:05:33 (1063 turns).

ytrimaz the Severer (Demonspawn Fighter)            Turns: 1063, Time: 00:05:33

Health: -22/100    AC: 43    Str: 33    XL:     12   Next: 67%
Magic:  19/19      EV:  9    Int: 11    God:    Uskayaw [****..]
Gold:   0          SH:  0    Dex: 10    Spells: 11/11 levels left

rFire   . . .      SeeInvis +    M - +5 Lochaber axe {reach-cleave, Poleaxe Drain}
rCold   . . .      Faith    .    (shield currently unavailable)
rNeg    . . .      Spirit   .    D - +15 Maxwell's patent armour {-Cast -Tele rElec Will+ rCorr}
rPois   .          Reflect  .    J - +2 helmet {SInv}
rElec   +          Rampage  +    (no cloak)
rCorr   +          NoTele   +    (gloves unavailable)
Will    +....      NoCast   +    L - +2 pair of boots {rampage} Stlth
                                 N - amulet of regeneration
HPRegen 1.16/turn                A - +6 ring of strength
MPRegen 0.16/turn                B - +6 ring of strength

@: studying Throwing, unable to drink
A: molten scales 2, ignite blood 1, spiny 1, demonic touch 3, clumsy 1,
deterioration 1, inability to drink after injury 1
a: Renounce Religion, Stomp, Line Pass


You were in the Dungeon.
You worshipped Uskayaw.
Uskayaw was aware of your devotion.
You visited 1 branch


Innate Abilities, Weirdness & Mutations

You are mostly covered in molten scales. (AC +3)
Your demonic aura sometimes causes spilled blood to erupt in flames.
You are partially covered in sharp spines.
Your touch may irresistibly damage your foes and sap their willpower.
You are clumsy. (Dex -2)
Your body sometimes deteriorates upon taking damage.
You occasionally lose the ability to drink potions when taking damage.


   Skills:
 + Level 11.3 Fighting
 - Level 18.0 Axes
 + Level 17.5 Armour
 - Level 2.6 Shields
 - Level 10.0 Invocations


You had 11 spell levels left.
You didn't know any spells.
Your spell library contained the following spells:

 Spells                   Type           Power      Damage    Failure   Level
 Sandblast                Erth           0%         2d4       82%         1
 Passwall                 Tmut/Erth      0%         N/A       91%         2
 Sublimation of Blood     Necr           0%         N/A       91%         2
 Wereblood                Tmut           0%         N/A       91%         2
 Stone Arrow              Conj/Erth      0%         3d7       99%         3
 Anguish                  Hex/Necr       0%         N/A       100%        4
 Iron Shot                Conj/Erth      0%         9d1       100%        6
 Enfeeble                 Hex            0%         N/A       100%        7
 Summon Hydra             Summ           0%         N/A       100%        7
 Chain Lightning          Conj/Air       0%         N/A       100%        9

Inventory:

Hand Weapons
 a - a +0 war axe
 C - the +16 obsidian axe {drain, demonic, Mesm Drain Fly SInv}
   (You found it in the Dungeon)

   Mesm:      Its wielder is mesmerised by any visible foes, and it cannot be
   unequipped while any foes are visible.
   SInv:      It lets you see invisible.
   Fly:       It grants you flight.
   Drain:     It drains your maximum health when unequipped.
 M - the +5 Lochaber axe (weapon) {reach-cleave, Poleaxe Drain}
   (You found it in the Dungeon)

   Poleaxe:   It uses either Axes or Polearms skill, whichever is higher.
   Drain:     It drains your maximum health when unequipped.
Armour
 b - a +0 scale mail
 c - a +0 buckler
 D - the +15 Maxwell's patent armour (worn) {-Cast -Tele rElec Will+ rCorr}
   (You found it in the Dungeon)

   rElec:     It insulates you from electricity.
   -Cast:     It prevents spellcasting.
   -Tele:     It prevents most forms of teleportation.
   rCorr:     It protects you from acid and corrosion.
   Will:      It increases your willpower.
 E - the +18 shield of the Gong {Loud rN+ Will+ rCorr EV-5}
   (You found it in the Dungeon)

   Loud:      It is deafeningly noisy when blocking attacks.
   EV:        It affects your evasion (-5).
   rN:        It protects you from negative energy.
   rCorr:     It protects you from acid and corrosion.
   Will:      It increases your willpower.
 F - a +3 tower shield
   (You found it in the Dungeon)
 G - a +3 buckler
   (You found it in the Dungeon)
 H - a +3 kite shield
   (You found it in the Dungeon)
 J - a +2 helmet of see invisible (worn)
   (You found it in the Dungeon)
 L - a +2 pair of boots of rampaging (worn)
   (You found it in the Dungeon)
Jewellery
 v - a ring of flight
   (You found it in the Dungeon)
 w - a +6 ring of dexterity
   (You found it in the Dungeon)
 x - a +6 ring of dexterity
   (You found it in the Dungeon)
 y - a +6 ring of intelligence
   (You found it in the Dungeon)
 z - a +6 ring of intelligence
   (You found it in the Dungeon)
 A - a +6 ring of strength (left hand)
   (You found it in the Dungeon)
 B - a +6 ring of strength (right hand)
   (You found it in the Dungeon)
 I - a +5 ring of evasion
   (You found it in the Dungeon)
 K - a +6 ring of dexterity
   (You found it in the Dungeon)
 N - an amulet of regeneration (around neck)
   (You found it in the Dungeon)
 O - an amulet of guardian spirit
   (You found it in the Dungeon)
 P - the ring of Mabi {Fire Stlth+}
   (You found it in the Dungeon)

   [ring of fire]

   It enhances your fire magic.
   rF:        It protects you from fire.
   rC:        It makes you vulnerable to cold.
   Stlth:     It makes you more stealthy.
Wands
 s - a wand of mindburst (7)
   (You found it in the Dungeon)
 t - a wand of iceblast (7)
   (You found it in the Dungeon)
 u - a wand of acid (7)
   (You found it in the Dungeon)
Scrolls
 j - 4 scrolls of blinking
 k - 4 scrolls of amnesia
 l - 7 scrolls of fog
 m - 5 scrolls of identify
 n - 2 scrolls of fear
Potions
 d - 4 potions of might
 e - 10 potions of curing
 f - 10 potions of heal wounds
 g - 10 potions of haste
 h - 7 potions of magic
 i - 3 potions of berserk rage
 o - 2 potions of brilliance
 p - 2 potions of invisibility
 q - 4 potions of resistance

Dungeon Overview and Level Annotations

Branches:
Dungeon (1/1) Zot: 27000

Altars:
Ashenzari
Cheibriados
Dithmenos
Fedhas
Gozag
Hepliaklqana
Kikubaaqudgha
Makhleb
Nemelex Xobeh
Okawaru
Qazlal
Ru
Sif Muna
Trog
Uskayaw
Vehumet
Wu Jian
Xom
Yredelemnul
Jiyva
Lugonu

Annotations:
D 1 transporter

▓.▓..)..▓.▓.▓...▓.▓
▓....©....▓...©...▓
▓▓▓▓▓▓▓▓▓▓▓▓▓▓▓▓▓▓▓▓▓
▓...8©8...▓...8©8...▓
▓..)[:=|..▓..|))|...▓
▓..)[C:}..▓...[[)...▓
▓....°()..▓.........▓
▓...T°C○..▓.........▓
▓...☼@°○..▓.........▓
▓......○..▓.........▓
▓.........▓.........▓
▓.▓.....▓.▓....©....▓
▓....©....▓▓▓▓▓▓▓▓▓▓▓
▓▓▓▓▓▓▓▓▓▓▓


You could see a fire giant, a cyclops and a troll (paralysed).


Message History

The ogre shouts!
The cyclops shouts!
The troll shouts!
The cyclops shouts!
The fire giant points at you and mumbles some strange words.
The fireball explodes!
The fireball engulfs you!!!
Ouch! That really hurt!
* * * LOW HITPOINT WARNING * * *
Your body deteriorates!
You feel weakened.
The cyclops throws a large rock.
The large rock hits you but does no damage. 😨 HP[-49]
You take 49 damage, and now have 33/98 hp.
MASSIVE DAMAGE!! (PAUSE)
You rampage towards the troll!
The troll bites you but does no damage.
The troll barely misses you. x2 😨 HP[+1] Unknown command.
You barely miss the troll. You slash the fire giant! You slash the troll!
You slice the two-headed ogre!! You slice the ogre!!
You slash the two-headed ogre! You slice the ogre!!
You kill the ogre!
You slash the cyclops! The troll bites you.
* * * LOW HITPOINT WARNING * * *
The troll closely misses you. The troll claws you!
* * * LOW HITPOINT WARNING * * *
The ogre is engulfed in blazing flames.
You kill the ogre!
The two-headed ogre is engulfed in blazing flames.
The two-headed ogre barely misses you. The two-headed ogre closely misses you.
The two-headed ogre is engulfed in blazing flames.
The troll is struck by your spines. The troll bites you but does no damage.
The troll claws you but does no damage. x2
The cyclops is engulfed in blazing flames.
You can now pass through a line of other dancers. 😨 HP[-7]
You take 7 damage, and now have 27/98 hp.
You are too injured to fight recklessly!
You slice the troll!! You hit the fire giant.
You barely miss the two-headed ogre. You hit the troll.
You barely miss the two-headed ogre. You slice the cyclops!!
You kill the cyclops!
You slash the cyclops!
The fire giant hits you with a +2 great sword of flaming.
* * * LOW HITPOINT WARNING * * *
The fire giant burns you.
* * * LOW HITPOINT WARNING * * *
The troll is engulfed in blazing flames.
The troll is struck by your spines. The troll bites you but does no damage.
The troll claws you but does no damage. x2
The two-headed ogre is engulfed in blazing flames.
The two-headed ogre hits you but does no damage.
The two-headed ogre barely misses you. The troll is struck by your spines.
The troll bites you but does no damage. The troll claws you.
* * * LOW HITPOINT WARNING * * *
The troll claws you but does no damage.
Uskayaw will force your foes to helplessly watch your dance.
Uskayaw prepares the audience for your solo!
You feel your strength returning. 😱 HP[-10]
You now have 99 max hp (+1).
You take 10 damage, and now have 17/99 hp.
You are too injured to fight recklessly!
Unknown command.
The helpless troll fails to defend itself.
You hit the troll.
The helpless fire giant fails to defend itself.
You slice the fire giant!!
The helpless two-headed ogre fails to defend itself.
You slice the two-headed ogre!!
You kill the two-headed ogre!
The helpless troll fails to defend itself.
You hit the troll.
The helpless two-headed ogre fails to defend itself.
You hit the two-headed ogre.
The helpless cyclops fails to defend itself.
You slash the cyclops!
The fire giant is no longer paralysed.
The two-headed ogre is engulfed in blazing flames.
The fire giant is struck by your spines.
The fire giant hits you but does no damage.
The troll is engulfed in blazing flames.
You kill the troll!
Uskayaw will force your foes to share their pain.
Your Fighting skill increases to level 11! 😱 HP[+2]
You now have 100 max hp (+1).
You regained 2 hp, and now have 19/100 hp.
Unknown command.
Unknown command.
You barely miss the fire giant.
The helpless troll fails to defend itself.
You slash the troll!
The helpless two-headed ogre fails to defend itself.
You slice the two-headed ogre!!
You kill the two-headed ogre!
The helpless cyclops fails to defend itself.
You slice the cyclops like a ripe choko!!!
You kill the cyclops!
The cyclops is no longer paralysed.
The fire giant gestures at you while chanting.
The bolt of fire hits you!!!
You feel threatened and lose the ability to drink potions!
You die...

Skill      XL: |  1  2  3  4  5  6  7  8  9 10 11 12 |
---------------+-------------------------------------+-----
Axes           | 5 10 12 15 16 18 | 18.0
Invocations    | 7 10 | 10.0
Armour         | 6 10 15 17 | 17.5
Fighting       | 5 10 11 | 11.3
Shields        | |  2.6

Action                     |  1- 3 |  4- 6 |  7- 9 | 10-12 || total
---------------------------+-------+-------+-------+-------++-------
  Melee: Broad axe         |     8 |     5 |    16 |    11 ||    40
         Lochaber axe      |       |       |       |    13 ||    13
    Use: Potion            |       |       |     1 |     2 ||     3
   Stab: Paralysed         |       |     4 |     2 |    22 ||    28
 Armour: Plate armour      |    11 |     6 |     8 |    33 ||    58
  Dodge: Dodged            |     7 |     3 |     1 |    11 ||    22
  Block: Buckler           |     3 |       |     2 |       ||     5

Levels and vault maps discovered:
D:        sprint_v [room_start, room_1, room_2, room_3, room_4, room_5, room_6,
          room_7, room_8, room_9, room_10, room_11, room_12, room_13, room_14,
          room_15, room_16, room_17, room_18, room_19, room_20, room_21,
          room_22, room_23, room_24, room_25, room_26, room_27]

Notes
Turn   | Place    | Note
-------+----------+-------------------------------------------
     0 | D        | ytrimaz the Demonspawn Fighter began the quest for the Orb.
     0 | D        | Reached XP level 1. HP: 18/18 MP: 1/1
     0 | D        | magus.rc [v1.9.6]
     1 | D        | Found a blossoming altar of Fedhas.
     1 | D        | Found the +6 Majin-Bo {spellvamp, MP+6 Int+6}
     1 | D        | Found the +27 heavy crossbow "Sniper" {heavy, Acc+∞ SInv}
     1 | D        | Found the +10 dark maul {heavy}
     1 | D        | Found the +15 Maxwell's patent armour {-Cast -Tele rElec
                  | Will+ rCorr}
     1 | D        | Found the +18 shield of the Gong {Loud rN+ Will+ rCorr
                  | EV-5}
     1 | D        | Found the +16 obsidian axe {drain, demonic, Mesm Drain Fly
                  | SInv}
     1 | D        | Found the +7 great mace "Firestarter" {flame, immolate,
                  | rFlCloud rF++}
     1 | D        | Found the +6 shillelagh "Devastator" {shatter}
     1 | D        | Found the +11 plutonium sword {Contam Stlth-}
     1 | D        | Found the +8 lance "Wyrmbane" {slay drac, rPois rF+ rC+
                  | AC+3}
     1 | D        | Found the +9 sword of Zonguldrok {reap}
     1 | D        | Found the +13 scythe of Curses {drain, curses, Drain}
     1 | D        | Found the +9 sword of Power {lifebolt}
     1 | D        | Found the +7 mace of Variability {chaos, chaos arc}
     1 | D        | Found the +11 Singing Sword {sonic wave}
     1 | D        | Found the +8 storm bow {elec, penet}
     2 | D        | Found a viscous altar of Jiyva.
     2 | D        | Found a transporter.
     2 | D        | Found a hazy altar of Hepliaklqana.
     2 | D        | Found an ancient bone altar of Kikubaaqudgha.
     2 | D        | Found an opulent altar of Gozag.
     2 | D        | Found a corrupted altar of Lugonu.
    16 | D        | Found a burning altar of Makhleb.
    17 | D        | Found a sacrificial altar of Ru.
    17 | D        | Found a shimmering blue altar of Sif Muna.
    17 | D        | Found a stormy altar of Qazlal.
    17 | D        | Found a bloodstained altar of Trog.
    17 | D        | Found an iron altar of Okawaru.
    17 | D        | Found a sparkling altar of Nemelex Xobeh.
   126 | D        | Became a worshipper of Uskayaw the Reveller
   143 | D        | Entered arena 2.
   143 | D        | Noticed an iron imp
   143 | D        | Found a transporter.
   145 | D        | Reached * piety under Uskayaw
   148 | D        | Reached skill level 3 in Axes
   148 | D        | Reached ** piety under Uskayaw
   151 | D        | Killed an iron imp
   151 | D        | Reached *** piety under Uskayaw
   152 | D        | Reached skill level 5 in Axes
   152 | D        | Gained mutation: You are partially covered in sharp spines.
                  | [demonic ancestry]
   152 | D        | Reached XP level 2. HP: 24/24 MP: 2/2
   152 | D        | Gained mutation: Your touch may inflict minor irresistible
                  | damage on your foes. [demonic ancestry]
   152 | D        | Reached XP level 3. HP: 29/29 MP: 3/3
   154 | D        | You pick up a book of Geomancy and begin reading...
   154 | D        | You add the spells Sandblast, Passwall and Stone Arrow to
                  | your library.
   436 | D        | Entered arena 3.
   436 | D        | Noticed a floating eye
   436 | D        | Found a transporter.
   438 | D        | Paralysed by a floating eye for 3 turns
   441 | D        | Killed a floating eye
   442 | D        | Reached skill level 10 in Axes
   442 | D        | Reached XP level 4. HP: 35/35 MP: 4/4
   442 | D        | Gained mutation: Your touch may inflict irresistible damage
                  | on your foes. [demonic ancestry]
   442 | D        | Reached XP level 5. HP: 41/41 MP: 5/5
   450 | D        | You pick up a book of Blood and begin reading...
   450 | D        | You add the spells Sublimation of Blood, Wereblood and
                  | Summon Hydra to your library.
   458 | D        | Entered arena 4.
   458 | D        | Noticed a small abomination
   458 | D        | Noticed a worldbinder
   458 | D        | Found a transporter.
   462 | D        | Noticed a deep elf zephyrmancer
   462 | D        | Noticed a deep elf pyromancer
   462 | D        | Killed a small abomination
   463 | D        | Reached skill level 12 in Axes
   463 | D        | Reached XP level 6. HP: 31/47 MP: 6/6
   463 | D        | Noticed a deep elf zephyrmancer
   463 | D        | Noticed a deep elf knight
   463 | D        | Noticed a deep elf knight
   463 | D        | Reached **** piety under Uskayaw
   464 | D        | Noticed a deep elf pyromancer
   464 | D        | Noticed a deep elf zephyrmancer
   464 | D        | Killed a worldbinder
   464 | D        | Reached ***** piety under Uskayaw
   465 | D        | Reached skill level 15 in Axes
   465 | D        | Gained mutation: Your demonic aura sometimes causes spilled
                  | blood to erupt in flames. [demonic ancestry]
   465 | D        | Reached XP level 7. HP: 31/52 MP: 7/7
   474 | D        | Entered arena 5.
   474 | D        | Found the +4 consecrated labrys {holy, Valiant Fragile Fly
                  | SInv}
   474 | D        | Noticed an ironbound convoker
   474 | D        | Noticed a vault sentinel
   474 | D        | Noticed a slime creature
   474 | D        | Noticed a boulder beetle
   474 | D        | Found a transporter.
   478 | D        | Killed a slime creature
   479 | D        | Reached skill level 4 in Invocations
   479 | D        | Killed a vault sentinel
   480 | D        | Reached skill level 7 in Invocations
   480 | D        | Gained mutation: Your touch may irresistibly damage your
                  | foes and sap their willpower. [demonic ancestry]
   480 | D        | Reached XP level 8. HP: 39/58 MP: 7/13
   481 | D        | Killed an ironbound convoker
   482 | D        | Reached skill level 16 in Axes
   482 | D        | Reached skill level 4 in Armour
   482 | D        | Reached skill level 8 in Invocations
   488 | D        | Killed a boulder beetle
   489 | D        | Reached skill level 6 in Armour
   489 | D        | Reached skill level 10 in Invocations
   489 | D        | Reached XP level 9. HP: 40/63 MP: 8/16
   564 | D        | Entered arena 6.
   564 | D        | Noticed a white ugly thing
   564 | D        | Noticed a cyan ugly thing
   564 | D        | Noticed a red ugly thing
   564 | D        | Found a transporter.
   568 | D        | Reached skill level 7 in Armour
   568 | D        | Killed a red ugly thing
   569 | D        | Reached skill level 17 in Axes
   570 | D        | Killed a white ugly thing
   571 | D        | Reached skill level 8 in Armour
   572 | D        | Killed a cyan ugly thing
   573 | D        | Reached skill level 9 in Armour
   579 | D        | Entered arena 7.
   579 | D        | Noticed a wolf spider
   579 | D        | Noticed a wolf spider
   580 | D        | Found a transporter.
   583 | D        | Killed a wolf spider
   584 | D        | Reached skill level 18 in Axes
   584 | D        | Reached skill level 10 in Armour
   584 | D        | Gained mutation: You are partially covered in molten
                  | scales. (AC +2) [demonic ancestry]
   584 | D        | Reached XP level 10. HP: 58/70 MP: 17/17
   584 | D        | Killed a wolf spider
   585 | D        | Reached skill level 11 in Armour
   599 | D        | Entered arena 8.
   600 | D        | Found a transporter.
   623 | D        | Entered arena 9.
   623 | D        | Found the +3 giant club "Skullcrusher" {speed, Str+7}
   623 | D        | Found the +5 Lochaber axe {reach-cleave, Poleaxe Drain}
   623 | D        | Noticed a cyclops
   623 | D        | Noticed a centaur warrior
   623 | D        | Noticed a cyclops
   623 | D        | Noticed a cyclops
   623 | D        | Noticed a cyclops
   624 | D        | Found a transporter.
   629 | D        | Killed a cyclops
   630 | D        | Reached skill level 12 in Armour
   630 | D        | Killed a cyclops
   631 | D        | HP: 16/70 [centaur warrior/arrow (8)]
   631 | D        | Killed a cyclops
   632 | D        | Reached skill level 13 in Armour
   632 | D        | Killed a cyclops
   632 | D        | HP: 6/70 [centaur warrior/arrow (10)]
   635 | D        | Reached skill level 14 in Armour
   635 | D        | Killed a centaur warrior
   917 | D        | Entered arena 10.
   917 | D        | Noticed a +1 dire flail of draining
   917 | D        | Noticed a deep elf knight
   917 | D        | Noticed a deep elf zephyrmancer
   917 | D        | Noticed a deep elf zephyrmancer
   917 | D        | Noticed a deep elf pyromancer
   917 | D        | Noticed a deep elf archer
   919 | D        | Found a transporter.
   921 | D        | Killed a deep elf pyromancer
   922 | D        | Reached skill level 4 in Fighting
   922 | D        | Reached skill level 15 in Armour
   922 | D        | Killed a deep elf zephyrmancer
   923 | D        | Reached skill level 5 in Fighting
   923 | D        | Reached XP level 11. HP: 48/80 MP: 18/18
   923 | D        | Killed a +1 dire flail of draining
   923 | D        | Killed a deep elf knight
   923 | D        | Killed a deep elf zephyrmancer
   924 | D        | Reached skill level 7 in Fighting
   924 | D        | Reached skill level 16 in Armour
   924 | D        | Killed a deep elf archer
   925 | D        | Reached skill level 8 in Fighting
   941 | D        | You add the spells Iron Shot and Chain Lightning to your
                  | library.
   941 | D        | Got the Directory of Arcane Weapons
   944 | D        | You pick up a book of Maledictions and begin reading...
   944 | D        | You add the spells Anguish and Enfeeble to your library.
  1024 | D        | Entered arena 11.
  1024 | D        | Noticed a shining eye
  1024 | D        | Noticed a shining eye
  1027 | D        | Gained mutation: Your body sometimes deteriorates upon
                  | taking damage. [a shining eye]
  1028 | D        | Found a transporter.
  1029 | D        | Gained mutation: You occasionally lose the ability to drink
                  | potions when taking damage. [a shining eye]
  1030 | D        | Killed a shining eye
  1032 | D        | Gained mutation: You are clumsy. (Dex -2) [a shining eye]
  1033 | D        | Killed a shining eye
  1034 | D        | Reached skill level 9 in Fighting
  1050 | D        | Got the ring of Mabi {Fire Stlth+}
  1054 | D        | Reached skill level 10 in Fighting
  1054 | D        | Reached skill level 17 in Armour
  1054 | D        | Gained mutation: You are mostly covered in molten scales.
                  | (AC +3) [demonic ancestry]
  1054 | D        | Reached XP level 12. HP: 77/98 MP: 19/19
  1057 | D        | Entered arena 12.
  1057 | D        | Noticed a two-headed ogre
  1057 | D        | Noticed a fire giant
  1057 | D        | Noticed a two-headed ogre
  1058 | D        | Found a transporter.
  1061 | D        | HP: 23/98 [fire giant/+2 great sword of flaming (5)]
  1062 | D        | Killed a two-headed ogre
  1063 | D        | Reached skill level 11 in Fighting
  1063 | D        | Killed a two-headed ogre
  1063 | D        | Killed from afar by a fire giant

Vanquished Creatures
  A centaur warrior (D)
  A boulder beetle (D)
  2 two-headed ogres (D)
  A dancing weapon (D)
  A deep elf knight (D)
  An ironbound convoker (D)
  A deep elf archer (D)
  A deep elf pyromancer (D)
  2 deep elf zephyrmancers (D)
  2 wolf spiders (D)
  6 cyclopes (D)
  2 shining eyes (D)
  A worldbinder (D)
  3 ugly things (D)
  2 eyes of devastation (D)
  A troll (D)
  2 slime creatures (D)
  A small abomination (D)
  A water elemental (D)
  A golden eye (D)
  A golden eye (shapeshifter) (D)
  A fire elemental (D)
  A redback (D)
  A floating eye (D)
  An orc warrior (D)
  2 ogres (D)
  2 centaurs (D)
  3 scorpions (D)
  A crimson imp (D)
  4 jellies (D)
  2 iron imps (D)
  An ufetubus (D)
  3 orcs (D)
  An endoplasm (D)
57 creatures vanquished.

Vanquished Creatures (collateral kills)
  A vault sentinel (D)
  A scorpion (shapeshifter) (D)
  2 orc priests (D)
4 creatures vanquished.

Grand Total: 61 creatures vanquished

Table legend:
 A = Non-vault XP
 B = Vault XP
 C = Vault XP percentage of total XP
 D = Non-vault monster count
 E = Vault monster count
 F = Vault count percentage of total count
                 A         B        C        D         E       F
            +---------+---------+-------+---------+---------+-------
      Total |       0 |   20247 | 100.0 |       0 |      61 | 100.0
            +---------+---------+-------+---------+---------+-------
          D |       0 |   20247 | 100.0 |       0 |      61 | 100.0
            +---------+---------+-------+---------+---------+-------

Illustrated notes

Table legend:
 A = Kills in this place as a percentage of kills in the entire game.
 B = Kills by you in this place as a percentage of kills by you in the entire game.
 C = Kills by friends in this place as a percentage of kills by friends in the entire game.
 D = Other kills in this place as a percentage of other kills in the entire game.
 E = Experience gained in this place as a percentage of experience gained in the entire game.
 F = Experience gained in this place divided by the number of levels of this place that you have seen.
                   A       B       C       D       E      F
               +-------+-------+-------+-------+-------+----------------------
         Total | 100.0 | 100.0 | 100.0 |   N/A | 100.0 | 20247.0
       Dungeon | 100.0 | 100.0 | 100.0 |   N/A | 100.0 | 20247.0
               +-------+-------+-------+-------+-------+----------------------

Table legend: (Time is in decaauts)
 A = Elapsed time spent in this place.
 B = Non-inter-level travel time spent in this place.
 C = Inter-level travel time spent in this place.
 D = Time resting spent in this place.
 E = Time spent auto-exploring this place.
 F = Levels seen in this place.
 G = Mean time per level.
                   A        B        C        D        E       F      G
               +--------+--------+--------+--------+--------+-----+--------+
         Total |   1060 |   1044 |     16 |    679 |      1 |   1 | 1060.0 |
       Dungeon |   1060 |   1044 |     16 |    679 |      1 |   1 | 1060.0 |
               +--------+--------+--------+--------+--------+-----+--------+

Top non-repeatable levels by time:
       D: 1060 daAuts
